[Event "Lithuanian Chess League 2021"]
[Site "Various cities"]
[Date "2021.05.15"]
[Round "6.1"]
[White "Stremavicius, Titas"]
[Black "Stauskas, Lukas"]
[Result "1/2-1/2"]
[WhiteElo "2484"]
[BlackElo "2316"]
[PlyCount "81"]
[TimeControl "90/40+30:0"]
[WhiteClock "0:18:13"]
[BlackClock "0:01:12"]

1. c4 e5 2. Nc3 Nc6 3. e3 Nf6 4. Nf3 Bb4 5. Qc2 a5 6. a3 Bc5 7. b3 O-O 8.
Bb2 Re8 9. h4 d6 10. Bd3 h6 11. Ne4 Nxe4 12. Bxe4 Be6 13. Rc1 Qd7 14. O-O Bb6 15. d4 exd4 16. exd4 d5 17. Bh7+ Kh8 18. c5 Ba7 19. Bd3 Bg4 20. Nh2 Ne7 21. Nxg4 Qxg4 22. g3 Ng8 23. Kg2 Nf6 24. Qd1 Qxd1 25.
Rcxd1 c6 26. Rfe1 Kg8 27. Rxe8+ Nxe8 28. g4 Bb8 29. Bc1 Bc7 30. Re1 Kf8 31. f4 Nf6 32. Kf3 Re8 33. Rxe8+ Nxe8 34. b4 axb4 35. axb4 b5 36. h5 Nf6 37. Be3 Ke8 38. Bf2 Bd8 39. Bf5 Bc7 40.
Be1 Bd8 41. Bd2 1/2-1/2

[Event "Lithuanian Chess League 2021"]
[Site "Various cities"]
[Date "2021.05.15"]
[Round "6.2"]
[White "Vardanyan, Aras"]
[Black "Juksta, Karolis"]
[Result "1-0"]
[WhiteElo "2197"]
[BlackElo "2437"]
[PlyCount "87"]
[TimeControl "90/40+30:0"]
[WhiteClock "1:02:38"]
[BlackClock "0:28:58"]

1. e4 e6 2. d4 d5 3. e5 c5 4. c3 Ne7 5. Nf3 Nec6 6. Bd3 b6 7. h4 Ba6 8. Bxa6 Nxa6 9. h5 h6 10. Qa4 Nab8 11. Be3 Qd7 12. Qd1 f6 13. exf6 gxf6 14. Nh4 cxd4 15. cxd4 Bb4+ 16. Nc3 Bxc3+ 17. bxc3 Ne7 18. Qf3 f5 19. g4 Nbc6 20. gxf5 Nxf5 21. Nxf5 exf5 22. Rg1 O-O-O 23. Rg6 Rdg8 24. O-O-O Ne7 25. Rxh6 Qa4 26. Rxh8 Rxh8 27. Bg5 Nc6 28. Qxd5 Kb7 29. h6 Qa3+ 30. Kb1 Qxc3 31. Rc1 Qb4+ 32. Ka1 Qxd4+ 33. Qxd4 Nxd4 34. Bf6 Rxh6 35. Bxd4 Re6 36. f4 Re2 37. Kb1 a5 38. Rc2 Re4 39. Be5 a4 40. a3 b5 41. Rc7+ Kb6 42. Rf7 Kc5 43. Rxf5 Kc4 44. Bd6 1-0

[Event "Lithuanian Chess League 2021"]
[Site "Various cities"]
[Date "2021.05.15"]
[Round "6.3"]
[White "Stremavicius, Pijus"]
[Black "Salna, Aleksandras"]
[Result "1-0"]
[WhiteElo "2214"]
[BlackElo "2125"]
[PlyCount "117"]
[TimeControl "90/40+30:0"]
[WhiteClock "0:29:52"]
[BlackClock "0:12:28"]

1. e4 c5 2. Nf3 Nc6 3. Bb5 g6 4. O-O Bg7 5. Re1 e5 6. Bxc6 dxc6 7. d3 Qc7 8. Be3 b6 9. a3 Nf6 10. b4 Ng4 11. Bd2 O-O 12. bxc5 bxc5 13. h3 Nf6 14. Be3 c4 15. Nbd2 cxd3 16. cxd3 Nh5 17. Qc2 Rd8 18. Nb3 Nf4 19. d4 exd4 20. Bxd4 Bxd4 21. Nbxd4 c5 22. Ne2 Nxe2+ 23. Rxe2 Ba6 24. Re3 Rac8 25. Rc1 Qe7 26. Qc3 Bb7 27. Qa5 Ba8 28. Nd2 Rd4 29. f3 Qd7 30. Nc4 h5 31. Rec3 Rd1+ 32. Kh2 Rxc1 33. Rxc1 Bb7 34. Qxa7 Qc7+ 35. Kg1 Ra8 36. Qb6 Qxb6 37. Nxb6 Rxa3 38. Rxc5 Ra1+ 39. Kf2 Ra2+ 40. Kg1 Ra1+ 41. Kh2 Ba6 42. h4 Ra2 43.
Nd5 Kg7 44. Kg3 Bb7 45. Ne3 Ra8 46. Kf4 Bc8 47. Nd5 Bb7 48. Nb6 Ra2 49. g3 Ba6 50. Nd7 Be2 51. Rc7 f6 52. Nb6+ Kh6 53. Nd5 g5+ 54. Kf5 Bxf3 55. Nxf6 Bxe4+ 56. Nxe4 gxh4 57. gxh4 Rg2 58. Rc3 Rg4 59. Rg3 1-0

[Event "Lithuanian Chess League 2021"]
[Site "Various cities"]
[Date "2021.05.15"]
[Round "6.4"]
[White "Eigminas, Kipras"]
[Black "Vaznonis, Vytautas"]
[Result "1/2-1/2"]
[WhiteElo "2095"]
[BlackElo "2382"]
[PlyCount "60"]
[TimeControl "90/40+30:0"]
[WhiteClock "0:51:09"]
[BlackClock "0:08:35"]

1. e4 e6 2. d4 d5 3. Nc3 Nf6 4. e5 Nfd7 5. f4 c5 6. Nf3 Nc6 7. Be3 cxd4 8.
Nxd4 Bc5 9. Qd2 a6 10. O-O-O O-O 11. Nb3 Bb4 12. a3 Be7 13. Ne2 Qc7 14. h4 b5 15. h5 Rb8 16. Ned4 Nxd4 17. Bxd4 b4 18. a4 Bb7 19. Na1 Qc6 20.
b3 Nc5 21. Qe3 Ne4 22. Bd3 Nc3 23. Rdf1 Rbc8 24. f5 exf5 25. Bxf5 Rc7 26. e6 Ne4 27. exf7+ Rxf7 28. Bxe4 Rxf1+ 29. Rxf1 dxe4 30. Qg3 Bd8 1/2-1/2

[Event "Lithuanian Chess League 2021"]
[Site "Various cities"]
[Date "2021.05.15"]
[Round "6.5"]
[White "Butvilas, Aistis"]
[Black "Zozulia, Alexandr"]
[Result "1-0"]
[WhiteElo "2063"]
[BlackElo "2069"]
[PlyCount "99"]
[TimeControl "90/40+30:0"]
[WhiteClock "0:59:27"]
[BlackClock "0:31:34"]

1. d4 e6 2. Nf3 f5 3. g3 d5 4. Bg2 Nf6 5. O-O Bd6 6. c4 c6 7. Nc3 O-O 8. Qc2 Ne4 9. Rb1 a5 10. a3 Qe7 11. c5 Bc7 12. Bf4 Bxf4 13. gxf4 Nd7 14. b4 axb4 15. axb4 g5 16. Nxg5 Nxg5 17. fxg5 Qxg5 18. f4 Qh4 19. e3 Nf6 20.
h3 Kh8 21. Ra1 Rxa1 22. Rxa1 Rg8 23. Kf1 Qg3 24. Qf2 Qh2 25. Qg1 Qg3 26. Qf2 Qh2 27. Ra8 Nh5 28. Ne2 h6 29. Rb8 Kh7 30. Qg1 Ng3+ 31. Ke1 Qxg1+ 32. Nxg1 Ne4 33. Kf1 Nc3 34. Bf3 Na2 35. Be2 Nxb4 36. Nf3 Kg7 37.
Ne5 Rd8 38. Ra8 Rg8 39. Kf2 Rf8 40. Ke1 Rg8 41. Kd2 Re8 42. Kc3 Na6 43. Bxa6 bxa6 44. Nxc6 Kf6 45. Na7 Bd7 46. Rxe8 Bxe8 47. c6 Kg6 48. c7 Bd7 49. Kb4 Kh5 50. Kc5 1-0

[Event "Lithuanian Chess League 2021"]
[Site "Various cities"]
[Date "2021.05.15"]
[Round "6.6"]
[White "Laurusas, Tomas"]
[Black "Klimciauskas, Domantas"]
[Result "1-0"]
[WhiteElo "2505"]
[BlackElo "2175"]
[PlyCount "71"]
[TimeControl "90/40+30:0"]
[WhiteClock "0:05:07"]
[BlackClock "0:07:03"]

1. Nf3 g6 2. d4 Bg7 3. e4 d6 4. Nc3 Nf6 5. Be2 O-O 6. O-O e6 7. e5 dxe5 8. Nxe5 Nbd7 9. Bg5 Nxe5 10. dxe5 Qxd1 11. Raxd1 Nd7 12. f4 a6 13. Ne4 Nb6 14. c4 Bd7 15. Nf6+ Bxf6 16. Bxf6 Bc6 17. Rd4 Nd7 18. Be7 Rfe8 19. Bh4 h6 20. b4 Nf8 21. Rc1 Nh7 22. Rcd1 Kg7 23.
R1d3 f6 24. Bf3 g5 25. exf6+ Kxf6 26. fxg5+ Nxg5 27. Bxc6 bxc6 28.
Rd7 Rab8 29. Be1 Rbc8 30. h4 Ne4 31. Rf3+ Ke5 32. Re3 Rf8 33.
Bc3+ Kf4 34. Rf3+ Kg4 35. Rg7+ Kh5 36. g4+ 1-0

[Event "Lithuanian Chess League 2021"]
[Site "Various cities"]
[Date "2021.05.15"]
[Round "6.7"]
[White "Juknis, Paulius"]
[Black "Pultinevicius, Paulius"]
[Result "1/2-1/2"]
[WhiteElo "2143"]
[BlackElo "2501"]
[PlyCount "148"]
[TimeControl "90/40+30:0"]
[WhiteClock "0:04:40"]
[BlackClock "0:04:49"]

1. e4 c6 2. d4 d5 3. exd5 cxd5 4. Bd3 Nc6 5. c3 Qc7 6. Ne2 Bg4 7. O-O e6 8.
Qe1 Bxe2 9. Qxe2 Bd6 10. Qg4 Kf8 11. Qh3 Nf6 12. Bg5 Bf4 13. Qh4 Bxg5 14. Qxg5 h6 15. Qg3 Qxg3 16. hxg3 Ke7 17. Nd2 g5 18. f3 h5 19. Kf2 Ne8 20. Rh1 Nd6 21. Rh3 Rh6 22. Rah1 Rah8 23. g4 h4 24. g3 hxg3+ 25. Kxg3 Rxh3+ 26. Rxh3 Rxh3+ 27. Kxh3 f6 28. Kg3 e5 29. dxe5 fxe5 30. Kf2 b5 31. Ke2 Nd8 32. Nf1 Ne6 33. Ne3 Nf4+ 34. Kd2 a5 35. Bf1 Ke6 36. Nc2 Kd7 37. Ne3 Kc6 38. a3 a4 39. Bd3 Kc5 40.
Bf1 Nc4+ 41. Bxc4 bxc4 42. Nd1 Nd3 43. Ke3 Kd6 44. Ke2 d4 45.
Kd2 Kc5 46. Ke2 Kc6 47. Kd2 Kd5 48. Ke2 Nf4+ 49. Kd2 Nh3 50. Ke1 Kc6 51. Ke2 Kd6 52. Ke1 Kd5 53. Ke2 Nf4+ 54. Kd2 Nd3 55. Ke2 e4 56. fxe4+ Kxe4 57. Kd2 Kd5 58. Kc2 Ke5 59. cxd4+ Kxd4 60. Nc3 Ne5 61. Nxa4 Nxg4 62. Nc3 Nf6 63. a4 Nd5 64. Ne2+ Ke3 65. Ng3 g4 66. a5 Kd4 67. Kd2 Nb4 68. Ke2 Kc5 69. Nf5 Nc6 70. Ne3 Ne5 71. Kf2 Kb5 72.
Kg3 Kxa5 73. Nxc4+ Nxc4 74. Kxg4 Nxb2 1/2-1/2

[Event "Lithuanian Chess League 2021"]
[Site "Various cities"]
[Date "2021.05.15"]
[Round "6.8"]
[White "Vedrickas, Tautvydas"]
[Black "Valantiejus, Vaidotas"]
[Result "0-1"]
[WhiteElo "2395"]
[BlackElo "2117"]
[PlyCount "120"]
[TimeControl "90/40+30:0"]
[WhiteClock "0:08:59"]
[BlackClock "0:11:53"]

1. d4 Nf6 2. c4 g6 3. Nc3 d5 4. cxd5 Nxd5 5. e4 Nxc3 6. bxc3 Bg7 7. Bc4 c5 8. Ne2 Nc6 9. Be3 O-O 10. O-O Qc7 11. Rc1 b6 12. f4 Bb7 13.
Qe1 Na5 14. Bd3 Qd7 15. f5 cxd4 16. cxd4 Rac8 17. Qh4 Rxc1 18.
Rxc1 Nc6 19. Bb5 a6 20. Bxc6 Bxc6 21. d5 Bb5 22. Nd4 Bf6 23. Qg3 Rc8 24. Rxc8+ Qxc8 25. e5 Bg7 26. h4 Be8 27. h5 Qc4 28. f6 Bf8 29. fxe7 Bxe7 30. e6 Qxd5 31. Qb8 Qd8 32. Qb7 Bc5 33. Qe4 fxe6 34. Qxe6+ Bf7 35. Qe5 Qd6 36. Qe4 Qd5 37. Qf4 Qxh5 38. g4 Qd5 39. g5 Bd6 40. Qg4 Qe5 41. Qc8+ Kg7 42. Qc3 Kg8 43. Qc8+ Qe8 44. Qc3 Bd5 45. Nc2 Qe4 46. Qc8+ Bf8 47. Kf2 Be6 48. Qc7 Qc4 49. Bxb6 Qxc7 50. Bxc7 Bxa2 51. Kg3 Bc5 52. Ba5 Kf7 53. Kf4 Ke6 54. Nb4 Bc4 55. Ke4 Be7 56. Kf4 Bb5 57. Nc2 Bd6+ 58. Kg4 Be2+ 59. Kh4 Bc5 60. Kg3 Kf5 0-1

[Event "Lithuanian Chess League 2021"]
[Site "Various cities"]
[Date "2021.05.15"]
[Round "6.9"]
[White "Jankunas, Tomas"]
[Black "Sakalauskas, Vaidas"]
[Result "1/2-1/2"]
[WhiteElo "2115"]
[BlackElo "2331"]
[PlyCount "82"]
[TimeControl "90/40+30:0"]
[WhiteClock "0:02:22"]
[BlackClock "0:05:13"]

1. e4 c5 2. c3 Nf6 3. e5 Nd5 4. d4 cxd4 5. Nf3 d6 6. cxd4 Nc6 7. Bc4 Nb6 8.
Bb5 dxe5 9. Nxe5 Bd7 10. Nxd7 Qxd7 11. O-O e6 12. Nc3 Be7 13. Qg4 O-O 14. Bxc6 bxc6 15. Bh6 Bf6 16. Rfd1 e5 17. Qxd7 Nxd7 18. dxe5 Nxe5 19. Ne4 Be7 20. Bf4 Ng6 21. Bd6 Rfd8 22. Bxe7 Nxe7 23. Kf1 Nd5 24. Rac1 Rac8 25. a3 f5 26. Nc5 Ne7 27. Nd7 Kf7 28. b4 Ke8 29. Ne5 Rxd1+ 30. Rxd1 Rd8 31. Rc1 Rd6 32. f4 Re6 33. Kf2 Kd8 34. Rc5 Kc7 35. g3 Rd6 36. Rc2 Rd5 37. Nc4 Rd4 38. Ke3 Rd8 39. Ke2 Rd4 40. Ke3 Rd8 41. Ke2 Rd4 1/2-1/2

[Event "Lithuanian Chess League 2021"]
[Site "Various cities"]
[Date "2021.05.15"]
[Round "6.10"]
[White "Setkauskas, Vaidas"]
[Black "Aleknavicius, Andrius"]
[Result "1/2-1/2"]
[WhiteElo "2238"]
[BlackElo "1986"]
[PlyCount "30"]
[TimeControl "90/40+30:0"]
[WhiteClock "0:17:53"]
[BlackClock "0:29:34"]

1. e4 c5 2. Nf3 Nc6 3. d4 cxd4 4. Nxd4 Nf6 5. Nc3 d6 6. Bg5 e6 7. Qd2 a6 8.
O-O-O Bd7 9. f4 b5 10. a3 Be7 11. Nf3 b4 12. axb4 Nxb4 13. Bc4 Rc8 14. Bb3 Qa5 15. Kb1 Bc6 1/2-1/2

[Event "Lithuanian Chess League 2021"]
[Site "Various cities"]
[Date "2021.05.15"]
[Round "6.11"]
[White "Kazakouski, Valery"]
[Black "Chocenka, Dmitrijus"]
[Result "1-0"]
[WhiteElo "2495"]
[BlackElo "2327"]
[PlyCount "87"]
[TimeControl "90/40+30:0"]
[WhiteClock "0:13:00"]
[BlackClock "0:27:33"]

1. d4 Nf6 2. Nf3 g6 3. c4 Bg7 4. g3 O-O 5. Bg2 d6 6. O-O Nc6 7. Nc3 Bf5 8.
d5 Na5 9. Nh4 Bd7 10. b3 c6 11. Bb2 cxd5 12. Nxd5 Nxd5 13. Bxg7 Kxg7 14. cxd5 b5 15. Qd4+ f6 16. Rfc1 Qb6 17. Nf3 Qxd4 18. Nxd4 Rfc8 19. Nc6 Bxc6 20. dxc6 Rc7 21. b4 Nc4 22. a4 Nb6 23. axb5 e6 24. Rd1 Rd8 25. e4 Kf7 26. f4 Ke7 27. Kf2 Rb8 28. h4 Rg8 29. Bf3 h6 30.
Ra2 Rg7 31. Rad2 Nc8 32. Be2 Rg8 33. g4 Rf8 34. f5 gxf5 35. gxf5 e5 36. Bc4 a6 37. bxa6 Rxc6 38. Be2 Rb6 39. b5 Na7 40. Rg1 Nxb5 41. Rg7+ Rf7 42. Rxf7+ Kxf7 43. Rb2 Rxa6 44. Bxb5 1-0

[Event "Lithuanian Chess League 2021"]
[Site "Various cities"]
[Date "2021.05.15"]
[Round "6.12"]
[White "Indriunas, Matas"]
[Black "Zagorskis, Darius"]
[Result "1/2-1/2"]
[WhiteElo "2227"]
[BlackElo "2408"]
[PlyCount "96"]
[TimeControl "90/40+30:0"]
[WhiteClock "0:22:06"]
[BlackClock "0:19:14"]

1. e4 c5 2. Nf3 e6 3. d4 cxd4 4. Nxd4 Nc6 5. Nc3 Qc7 6. Be3 a6 7. Be2 Nf6 8. O-O d6 9. f4 Be7 10. Qe1 O-O 11. Qg3 Nxd4 12. Bxd4 b5 13.
a3 Bb7 14. Rae1 Rad8 15. Bd3 g6 16. Kh1 Nh5 17. Qh3 e5 18. Be3 exf4 19. Bxf4 Nxf4 20. Rxf4 Bg5 21. Rf2 Rde8 22. Ref1 Re5 23. Qg4 Qe7 24. a4 b4 25. Nd5 Bxd5 26. exd5 a5 27. Qc4 f5 28. Qb5 Qc7 29. Qc4 Qxc4 30.
Bxc4 Rfe8 31. g3 h5 32. Kg2 Kg7 33. b3 R8e7 34. Rd1 Re4 35. Kf1 Bf6 36. Re2 Bc3 37. Bd3 Rxe2 38. Bxe2 Kf6 39. Kf2 g5 40. h3 g4 41. hxg4 hxg4 42. Bc4 Kg5 43. Rf1 Re5 44. Kg2 Be1 45. Bd3 Bd2 46. Bc4 Bc3 47. Rf2 Be1 48. Re2 Rxe2+ 1/2-1/2

[Event "Lithuanian Chess League 2021"]
[Site "Various cities"]
[Date "2021.05.15"]
[Round "6.13"]
[White "Brazdzionis, Andrius"]
[Black "Limontas, Martynas"]
[Result "1/2-1/2"]
[WhiteElo "2333"]
[BlackElo "2311"]
[PlyCount "98"]
[TimeControl "90/40+30:0"]
[WhiteClock "0:21:49"]
[BlackClock "0:20:01"]

1. d4 Nf6 2. c4 e6 3. Nf3 Bb4+ 4. Bd2 a5 5. Qc2 d6 6. g3 Nbd7 7. Bg2 e5 8.
O-O O-O 9. Bg5 exd4 10. Nxd4 Re8 11. Nc3 h6 12. Bf4 Nb6 13. Rad1 a4 14. b3 Qe7 15. Nxa4 Nxa4 16. bxa4 Ne4 17. Nb5 Bf5 18. Qb3 Bc5 19. Bxe4 Bxe4 20. Nc3 Bc6 21. Rd3 Qd7 22. e4 b6 23. Be3 Bxe4 24. Nxe4 Rxe4 25. Bxc5 bxc5 26. Qb7 Ree8 27. Re3 Qxa4 28.
Rxe8+ Rxe8 29. Qxc7 Qxa2 30. Qc6 Qe2 31. Qd5 Qe4 32. Qxe4 Rxe4 33. Rd1 Re6 34. f3 Kf8 35. Kf2 Ke7 36. Ra1 Kf6 37. Rd1 h5 38.
h4 g6 39. Rd2 Ke7 40. Ra2 Re5 41. Ra7+ Ke6 42. Ra6 f6 43. Ra7 Kf5 44. Rd7 Re6 45. Rd8 g5 46. Rh8 Kg6 47. hxg5 fxg5 48. Rg8+ Kf6 49. Rh8 Kg6 1/2-1/2

[Event "Lithuanian Chess League 2021"]
[Site "Various cities"]
[Date "2021.05.15"]
[Round "6.14"]
[White "Mickevicius, Juras"]
[Black "Dambrauskas, Virginijus"]
[Result "1-0"]
[WhiteElo "2281"]
[BlackElo "2209"]
[PlyCount "137"]
[TimeControl "90/40+30:0"]
[WhiteClock "0:03:23"]
[BlackClock "0:00:53"]

1. d4 d5 2. c4 c6 3. Nf3 Nf6 4. e3 e6 5. b3 Nbd7 6. Bb2 b6 7. Bd3 Bb7 8. O-O Be7 9. Nc3 O-O 10. Qe2 c5 11. cxd5 exd5 12. Rac1 Re8 13. Rfd1 Bd6 14. Ba6 Qc8 15. Bxb7 Qxb7 16. dxc5 bxc5 17. Qb5 Nb6 18. Na4 Qd7 19. Qxd7 Nfxd7 20. Nc3 d4 21. exd4 c4 22. g3 Rac8 23. Nd2 cxb3 24. axb3 Nf6 25. Nb5 Rxc1 26. Bxc1 Bb8 27. Nc4 Nbd5 28. Bd2 Ne4 29. Ra1 Nxd2 30. Nxd2 Re7 31. Rc1 Kf8 32. Rc8+ Re8 33. Rxe8+ Kxe8 34. Kf1 Kd7 35. Ke2 Kc6 36. Na3 Nb4 37. Ne4 a6 38. Ke3 h5 39. h3 f5 40. Nc3 g5 41. Nc4 Kd7 42. Ne5+ Ke6 43. Nf3 g4 44. hxg4 hxg4 45. Ne1 Ba7 46. Ne2 Bb6 47. Ng2 Ba5 48. Ngf4+ Kd6 49. Ng2 Ke6 50. Nef4+ Kd6 51. Nh4 Nc2+ 52. Kd3 Ne1+ 53. Kc4 Nf3 54. Nxf5+ Kc6 55. d5+ Kd7 56. Ne3 Nd2+ 57. Kd3 Nxb3 58. Nxg4 Bb6 59. Ne5+ Ke7 60. f3 Bf2 61. g4 Nc5+ 62. Kc4 Nb7 63. Nc6+ Kf6 64. Nh3 Nd6+ 65. Kd3 Bb6 66. Kc3 Nb5+ 67. Kd3 Nd6 68. Nb8 Ba5 69. f4 1-0

[Event "Lithuanian Chess League 2021"]
[Site "Various cities"]
[Date "2021.05.15"]
[Round "6.15"]
[White "Zaura, Vidmantas"]
[Black "Bastys, Robertas"]
[Result "0-1"]
[WhiteElo "2087"]
[BlackElo "2217"]
[PlyCount "58"]
[TimeControl "90/40+30:0"]
[WhiteClock "0:11:12"]
[BlackClock "0:22:13"]

1. Nf3 Nf6 2. g3 b5 3. Bg2 Bb7 4. c3 e6 5. a4 b4 6. a5 c5 7. O-O Be7 8. d4 cxd4 9. cxb4 Bxb4 10. Qb3 Na6 11. Bd2 Rb8 12. Qc4 O-O 13. Bxb4 Nxb4 14. Qxb4 Bxf3 15. Qxd4 Bxg2 16. Kxg2 Qc7 17. Nc3 Rxb2 18.
Rfc1 Rfb8 19. Kg1 R2b4 20. Nb5 Qxc1+ 21. Rxc1 Rxd4 22. Nxd4 Ne8 23. Kg2 Kf8 24. Rc3 Rb4 25. e3 Ra4 26. Nb3 Ra3 27. Kf3 Nd6 28. Rd3 Nc4 29. Ke4 Rxb3 0-1

[Event "Lithuanian Chess League 2021"]
[Site "Various cities"]
[Date "2021.05.15"]
[Round "6.16"]
[White "Kalvaitis, Sigitas"]
[Black "Sulskis, Sarunas"]
[Result "0-1"]
[WhiteElo "2184"]
[BlackElo "2518"]
[PlyCount "64"]
[TimeControl "90/40+30:0"]
[WhiteClock "0:07:44"]
[BlackClock "0:05:11"]

1. e4 e6 2. d4 d5 3. e5 Ne7 4. Bd3 Qd7 5. Ne2 b6 6. O-O Ba6 7. Bxa6 Nxa6 8.
a4 c5 9. a5 b5 10. c3 Rc8 11. Be3 Nf5 12. Ng3 Nxe3 13. fxe3 g6 14. Nd2 Bg7 15. Qe2 O-O 16. Rf6 Nc7 17. Raf1 Ne8 18. R6f4 b4 19. Nf3 bxc3 20. bxc3 cxd4 21. cxd4 Qe7 22. e4 Nc7 23. Nd2 Qb4 24. Nf3 dxe4 25. Qxe4 Nd5 26. Rh4 Qb3 27. Re1 Rc2 28. Rxh7 Kxh7 29. Ng5+ Kg8 30. Qh4 Re8 31. Rf1 Qe3+ 32. Kh1 Rc1 0-1

[Event "Lithuanian Chess League 2021"]
[Site "Various cities"]
[Date "2021.05.15"]
[Round "6.17"]
[White "Bieliauskas, Marius"]
[Black "Vasylius, Kestutis"]
[Result "0-1"]
[WhiteElo "2201"]
[BlackElo "2064"]
[PlyCount "117"]
[TimeControl "90/40+30:0"]
[WhiteClock "0:04:49"]
[BlackClock "0:36:49"]

1. Nf3 d5 2. e3 Nf6 3. c4 e6 4. b3 c5 5. cxd5 Nxd5 6. Bb2 Nc6 7. Nc3 a6 8.
a3 b6 9. Qc2 Bb7 10. Be2 Rc8 11. O-O Nf6 12. Rac1 Be7 13. Rfd1 Nd4 14. exd4 cxd4 15. Qb1 dxc3 16. dxc3 Qc7 17. c4 Be4 18. Qa1 O-O 19. Nd2 Bc6 20. Bf3 Rfd8 21. Bxc6 Qxc6 22. Nf3 Nh5 23. Rxd8+ Rxd8 24. Rd1 Rxd1+ 25. Qxd1 Nf4 26. g3 Nh3+ 27. Kg2 Ng5 28. h4 Ne4 29. Ne5 Qb7 30. f3 Nd6 31. h5 f6 32. Ng4 Nf5 33. h6 Kf7 34. hxg7 h5 35.
Qe2 Nxg7 36. Nh6+ Kf8 37. Qd3 f5 38. Qd4 Bg5 39. Bc3 a5 40.
b4 Qe7 41. bxa5 bxa5 42. Bxa5 Qxa3 43. Bb6 Qa2+ 44. Kh1 Bxh6 45.
Qf6+ Kg8 46. Qxh6 Qxc4 47. Qe3 h4 48. gxh4 Qxh4+ 49. Kg2 Kf7 50. Qc1 Nh5 51. Qc7+ Kg6 52. Be3 f4 53. Bf2 Ng3 54. Qc1 Qg5 55.
Qb1+ Kh6 56. Qb2 e5 57. Qb6+ Kh5 58. Qa7 Qg6 59. Qb8 0-1

[Event "Lithuanian Chess League 2021"]
[Site "Various cities"]
[Date "2021.05.15"]
[Round "6.18"]
[White "Jonkus, Lukas"]
[Black "Steponavicius, Stasys"]
[Result "0-1"]
[WhiteElo "1845"]
[BlackElo "2193"]
[PlyCount "54"]
[TimeControl "90/40+30:0"]
[WhiteClock "0:10:37"]
[BlackClock "0:50:53"]

1. e4 c5 2. Nf3 Nc6 3. d4 cxd4 4. Nxd4 Nf6 5. Nc3 e5 6. Ndb5 d6 7. Nd5 Nxd5 8. exd5 Ne7 9. c4 Ng6 10. Bd3 Be7 11. Qc2 O-O 12. Bd2 f5 13.
O-O-O Bd7 14. Nc3 e4 15. Be2 Ne5 16. f4 exf3 17. gxf3 Rc8 18. b3 f4 19. Bd3 Nxd3+ 20. Qxd3 b5 21. cxb5 Bf5 22. Qe2 Bf6 23. Kb2 Re8 24. Qg2 Qa5 25. Rc1 Re3 26. Rhe1 Rcxc3 27. Rxe3 Rc2+ 0-1

[Event "Lithuanian Chess League 2021"]
[Site "Various cities"]
[Date "2021.05.15"]
[Round "6.19"]
[White "Solys, Laimutis"]
[Black "Maciuitis, Ignas"]
[Result "1/2-1/2"]
[WhiteElo "2319"]
[BlackElo "1789"]
[PlyCount "78"]
[TimeControl "90/40+30:0"]
[WhiteClock "0:01:20"]
[BlackClock "0:01:43"]

1. e4 e6 2. d4 d5 3. Nc3 Bb4 4. Nge2 Nf6 5. e5 Nfd7 6. a3 Be7 7. f4 c5 8.
Be3 a6 9. dxc5 Bxc5 10. Bxc5 Nxc5 11. Nd4 Nc6 12. Qd2 Nxd4 13.
Qxd4 Qc7 14. Be2 O-O 15. O-O f6 16. exf6 Rxf6 17. g3 Bd7 18. Bf3 Kh8 19. Rad1 Rh6 20. Rfe1 Rf8 21. Re5 b6 22. Bg4 Nb7 23. Nxd5 Qxc2 24. Re2 Qg6 25. Ne3 Bb5 26. Ree1 Nc5 27. Be2 Bc6 28. Nf1 Qf5 29. Qd6 e5 30.
Ne3 Qc8 31. Qe7 Re8 32. Bg4 Qb8 33. Qg5 Ne4 34. Qf5 Rf6 35. Qh5 exf4 36. Nd5 Bxd5 37. Qxd5 Rd6 38. Qc4 Rxd1 39. Bxd1 Ng5 1/2-1/2

[Event "Lithuanian Chess League 2021"]
[Site "Various cities"]
[Date "2021.05.15"]
[Round "6.20"]
[White "Kurmis, Edvinas"]
[Black "Tamosiunas, Tomas"]
[Result "1/2-1/2"]
[WhiteElo "1654"]
[BlackElo "1947"]
[PlyCount "68"]
[TimeControl "90/40+30:0"]
[WhiteClock "0:04:59"]
[BlackClock "0:16:37"]

1. d4 Nf6 2. Bf4 e6 3. c3 b6 4. Nf3 Bb7 5. e3 Be7 6. Bd3 O-O 7. h3 d6 8.
Qc2 c5 9. Nbd2 Nc6 10. O-O Rc8 11. Qb1 h6 12. b4 cxb4 13. cxb4 Nd5 14. b5 Ncb4 15. Bh2 Nxd3 16. Qxd3 Rc3 17. Qb1 Nf6 18. Qb2 Qc7 19. Rfc1 Rc8 20. Rxc3 Qxc3 21. Qxc3 Rxc3 22. a4 Rc2 23. Kf1 Ne4 24. Nxe4 Bxe4 25. Ne1 Rc8 26. f3 Bd5 27. Ke2 Bc4+ 28. Nd3 Bb3 29. Nb4 Bf8 30. Nc6 a5 31. Kd3 d5 32. Kc3 Bc4 33. Kb2 Bb4 34. Nxb4 axb4 1/2-1/2

[Event "Lithuanian Chess League 2021"]
[Site "Various cities"]
[Date "2021.05.15"]
[Round "6.21"]
[White "Bagvilas, Lukas"]
[Black "Maziukas, Kasparas"]
[Result "1/2-1/2"]
[WhiteElo "2011"]
[BlackElo "1870"]
[PlyCount "89"]
[TimeControl "90/40+30:0"]
[WhiteClock "0:45:29"]
[BlackClock "0:28:24"]

1. e4 e5 2. Nc3 Nf6 3. g3 d5 4. exd5 Nxd5 5. Bg2 Nxc3 6. bxc3 Nc6 7. d3 Bc5 8. Be3 Bb6 9. Nf3 Qf6 10. Nd2 O-O 11. O-O Bf5 12. Ne4 Qg6 13.
Qd2 Rad8 14. Rab1 Bc8 15. Nc5 Rfe8 16. Nb3 e4 17. Bxb6 axb6 18. d4 Ne5 19. Qf4 Nf3+ 20. Bxf3 exf3 21. Rfe1 Qxc2 22. Qxc7 Qxa2 23. Qxb6 Bf5 24. Rbc1 Qa8 25. Nd2 Bg4 26. Qb5 Qc8 27. Qd3 Qc6 28. d5 Qf6 29. c4 h5 30. h4 Re2 31. Rxe2 fxe2 32. f3 Re8 33.
Re1 Bf5 34. Ne4 Qb6+ 35. Kg2 Bxe4 36. fxe4 Qf6 37. Rxe2 g5 38. Rf2 Qg6 39. hxg5 Qxg5 40. Rf5 Qg4 41. Rf4 Qg5 42. Qf3 Ra8 43. Rxf7 Ra2+ 44. Kg1 Ra1+ 45. Kg2 1/2-1/2

[Event "Lithuanian Chess League 2021"]
[Site "Various cities"]
[Date "2021.05.15"]
[Round "6.22"]
[White "Likatavicius, Rapolas"]
[Black "Povilaitis, Tomas"]
[Result "1/2-1/2"]
[WhiteElo "1929"]
[BlackElo "1846"]
[PlyCount "74"]
[TimeControl "90/40+30:0"]
[WhiteClock "0:01:57"]
[BlackClock "0:30:30"]

1. d4 Nf6 2. Nf3 e6 3. c4 d5 4. Nc3 Be7 5. Bf4 O-O 6. e3 b6 7. cxd5 Nxd5 8.
Nxd5 exd5 9. a3 c5 10. dxc5 bxc5 11. Qd2 Qd7 12. Be2 Ba6 13. Bxa6 Nxa6 14. O-O Rfd8 15. Qa5 Qb7 16. Rfd1 c4 17. Be5 Nc5 18. Qc3 Ne4 19. Qc2 Bf6 20. Bxf6 Nxf6 21. Rd2 Ne4 22. Re2 Rab8 23. Rd1 Rd6 24. h4 Qe7 25. g3 h6 26. Nd2 Nc5 27. b4 Nd3 28. Nf3 a5 29. Nd4 Rf6 30.
e4 Qe5 31. Qc3 axb4 32. axb4 dxe4 33. Qxc4 Rxb4 34. Qc8+ Kh7 35.
Nc2 Rb8 36. Qc4 Nb2 37. Qd4 Qxd4 1/2-1/2

[Event "Lithuanian Chess League 2021"]
[Site "Various cities"]
[Date "2021.05.15"]
[Round "6.23"]
[White "Narmontas, Raimondas"]
[Black "Kuznecovas, Kevinas"]
[Result "0-1"]
[WhiteElo "2027"]
[BlackElo "1882"]
[PlyCount "82"]
[TimeControl "90/40+30:0"]
[WhiteClock "0:00:49"]
[BlackClock "0:17:52"]

1. e4 c5 2. Nc3 Nc6 3. Bb5 g6 4. Bxc6 dxc6 5. d3 Bg7 6. Be3 b6 7. Qd2 Qc7 8. Nge2 a5 9. O-O e5 10. f4 Ne7 11. Ng3 Bd7 12. a3 f5 13.
Na4 O-O 14. c3 Rab8 15. Rae1 Be6 16. c4 fxe4 17. Nxe4 Nf5 18. Ng5 Bd7 19. fxe5 Nxe3 20. Qxe3 Rxf1+ 21. Kxf1 Re8 22. Nf3 Bg4 23. Re2 Bxf3 24. gxf3 Rxe5 25. Qf4 Qe7 26. Re4 b5 27. Nc3 Rxe4 28. Qxe4 Qxe4 29. Nxe4 Bxb2 30. cxb5 cxb5 31. Nxc5 Bxa3 32. Nb3 Bb4 33.
Nd4 a4 34. Nxb5 a3 35. Nxa3 Bxa3 36. Kf2 Bc5+ 37. Ke2 Kf7 38. f4 Ke6 39. Kf3 Kf5 40. h4 h5 41. Kg3 Be3 0-1

[Event "Lithuanian Chess League 2021"]
[Site "Various cities"]
[Date "2021.05.15"]
[Round "6.24"]
[White "Posaskov, Nikita"]
[Black "Povilaitis, Matas"]
[Result "1/2-1/2"]
[WhiteElo "1706"]
[BlackElo "1519"]
[PlyCount "74"]
[TimeControl "90/40+30:0"]
[WhiteClock "0:00:34"]
[BlackClock "0:01:54"]

1. Nf3 d5 2. d4 c6 3. c4 Nf6 4. Nc3 Bf5 5. cxd5 Nxd5 6. e3 e6 7. Bd3 Bxd3 8.
Qxd3 g6 9. e4 Nb6 10. Bg5 Be7 11. Bxe7 Qxe7 12. O-O O-O 13. Qe3 Rd8 14. Qh6 f6 15. h4 Na6 16. Rfd1 Nc7 17. Rac1 e5 18. dxe5 fxe5 19. h5 Qg7 20. Qxg7+ Kxg7 21. hxg6 hxg6 22. Nxe5 Kf6 23. Nd3 Ne6 24. f3 Rd7 25.
b3 a5 26. Nb2 Rh7 27. Kf2 Rah8 28. Ne2 g5 29. Nc4 Nd7 30. Nxa5 Ndc5 31. b4 Ra8 32. Rc2 g4 33. Nxc6 gxf3 34. gxf3 Nxe4+ 35. fxe4 bxc6 36. Rg1 Ke5 37. Ng3 Nd4 1/2-1/2